 Dungeon Crawl Stone Soup version 0.24-a0-252-g5076262 (webtiles) character file.

Game seed: 18322266936763636859

896 Ijustatesigmund the Chopper (level 8, -1/55 HPs)
             Began as an Octopode Fighter on Apr 17, 2019.
             Was a Follower of Cheibriados.
             Slain by a sky beast (5 damage)
             ... on level 6 of the Dungeon.
             The game lasted 00:10:23 (5758 turns).

Ijustatesigmund the Chopper (Octopode Fighter)      Turns: 5758, Time: 00:10:25

Health: -1/55      AC:  3    Str: 15 (17) XL:     8   Next: 7%
Magic:  9/9        EV: 13    Int:  8 (10) God:    Cheibriados [*.....]
Gold:   246        SH:  9    Dex: 17 (18) Spells: 7/7 levels left

rFire    . . .     SeeInvis .   a - +0 war axe
rCold    . . .     Gourm    .   b - +0 shield
rNeg     . . .     Faith    .   o - +2 hat
rPois    .         Spirit   .   (no amulet)
rElec    .         Reflect  .   (no ring)
rCorr    .         Harm     .   (no ring)
MR       .....                  (no ring)
Stlth    +++.......             (no ring)
HPRegen  0.18/turn              (no ring)
MPRegen  0.11/turn              (no ring)
                                (no ring)
                                (no ring)

@: very slow
A: almost no armour, stealthy swim, amphibious, 8 rings, constrict 8, camouflage
1, agile 1, dopey 1, gelatinous body 1
a: Bend Time, Renounce Religion


You were on level 6 of the Dungeon.
You worshipped Cheibriados.
Cheibriados was aware of your devotion.
You were not hungry.

You visited 2 branches of the dungeon, and saw 7 of its levels.

You collected 246 gold pieces.

Inventory:

Hand Weapons
 a - a +0 war axe (weapon)
Missiles
 m - 3 javelins (quivered)
Armour
 b - a +0 shield (worn)
 o - a +2 hat (worn)
Wands
 q - a wand of paralysis (8)
Scrolls
 f - a scroll of amnesia
 k - a scroll of fog
Potions
 e - 3 potions of curing
 h - a potion of brilliance
 i - a potion of degeneration
 j - 2 potions of lignification {unknown}
 n - a potion of haste {unknown}
 r - a potion of heal wounds {unknown}
Comestibles
 d - 7 rations


   Skills:
 + Level 5.1 Fighting
 + Level 6.0 Axes
 + Level 4.4 Dodging
 + Level 4.4 Shields
 + Level 2.4 Invocations


You had 7 spell levels left.
You didn't know any spells.
Your spell library contained the following spells:

 Spells                   Type           Power        Failure   Level  Hunger
 Beastly Appendage        Tmut           #.....       86%         1    ##.....
 Sticks to Snakes         Tmut           #.......     95%         2    ###....
 Spider Form              Tmut/Pois      #.........   99%         3    ####...
 Ice Form                 Ice/Tmut       #.......     100%        4    #####..
 Blade Hands              Tmut           #.........   100%        5    ######.


Dungeon Overview and Level Annotations

Branches:
Dungeon (6/15)             Temple (1/1) D:5

Altars:
Ashenzari
Cheibriados
Dithmenos
Fedhas
Gozag
Hepliaklqana
Kikubaaqudgha
Makhleb
Nemelex Xobeh
Okawaru
Qazlal
Ru
Sif Muna
Trog
Uskayaw
Vehumet
Wu Jian
Xom
Yredelemnul
Zin
The Shining One


Innate Abilities, Weirdness & Mutations

You cannot wear most types of armour.
You are very stealthy in the water. (Stealth+)
You are amphibious.
You can wear up to eight rings at the same time.
You can use your tentacles to constrict eight enemies at once.
Your skin changes colour to match your surroundings (Stealth+).
Your rubbery body absorbs attacks. (AC +1, EV +1)
You are agile. (Dex +2)
You are dopey. (Int -2)


Message History

* * * LOW HITPOINT WARNING * * *
A sky beast appears from thin air!
Reactivating autopickup.
The sky beast hits you but does no damage.
You completely miss the sky beast.
The sky beast is heavily wounded.
You block the sky beast's attack.
You hit the sky beast. Your squeeze misses the sky beast.
The sky beast is severely wounded.
The sky beast hits you.
* * * LOW HITPOINT WARNING * * *
The sky beast shocks you.
* * * LOW HITPOINT WARNING * * *
It was a potion of degeneration.
There was something very wrong with that liquid.
You feel weakened.
You feel dopey.
You feel clumsy. The sky beast hits you.
* * * LOW HITPOINT WARNING * * *
The sky beast shocks you.
You die...

#.# #...# # #.# #.## #
#.# #.# # #.# #.# #
#######.###.######
#.###.................
#.......##############
.####.#.# #.@..#
#)Y### #..# #..# #..#
#..# #).# #..#


You could see a sky beast.

Vanquished Creatures
  Menkaure (D:5)
  A phantom (D:4)
  An ogre (D:6)
  A centaur (D:6)
  A scorpion (D:6)
  A crimson imp (D:5)
  A bullfrog zombie (D:5)
  A centaur zombie (D:5)
  3 orc wizards (D:4)
  An iguana (D:5)
  A worker ant (D:4)
  A hound skeleton (D:4)
  A gnoll (D:5)
  7 adders
  2 oozes
  A worm (D:6)
  2 dart slugs (D:1)
  5 leopard geckos
  22 orcs
  4 bats
  8 giant cockroaches
  12 goblins
  6 hobgoblins
  14 jackals
  2 quokkas
  2 ball pythons
  5 frilled lizards
  8 kobolds
  A leopard gecko skeleton (D:5)
  10 rats
126 creatures vanquished.

Notes
Turn   | Place    | Note
-------+----------+-------------------------------------------
     0 | D:1      | Ijustatesigmund the Octopode Fighter began the quest for
                  | the Orb.
     0 | D:1      | Reached XP level 1. HP: 16/16 MP: 1/1
   107 | D:1      | Reached XP level 2. HP: 9/21 MP: 2/2
   315 | D:1      | Reached skill level 3 in Axes
   423 | D:1      | Reached XP level 3. HP: 14/26 MP: 3/3
   889 | D:2      | Reached skill level 4 in Axes
   909 | D:2      | Gained mutation: You are robust. (+10% HP) [potion of
                  | mutation]
   909 | D:2      | Gained mutation: You are somewhat resistant to further
                  | mutation. [potion of mutation]
   909 | D:2      | Lost mutation: You are robust. (+10% HP) [potion of
                  | mutation]
   910 | D:2      | Lost mutation: You are somewhat resistant to further
                  | mutation. [potion of mutation]
   910 | D:2      | Gained mutation: You expend magic power (3 MP) to
                  | strengthen your wands. [potion of mutation]
   910 | D:2      | Gained mutation: Your spells are a little easier to cast,
                  | but a little less powerful. [potion of mutation]
   910 | D:2      | Lost mutation: You expend magic power (3 MP) to strengthen
                  | your wands. [potion of mutation]
   910 | D:2      | Gained mutation: You have a pair of small antennae on your
                  | head. [potion of mutation]
  1070 | D:2      | Reached XP level 4. HP: 19/31 MP: 4/4
  1309 | D:2      | You fall through a shaft!
  1591 | D:2      | Found a radiant altar of Vehumet.
  1591 | D:2      | Found a burning altar of Makhleb.
  1683 | D:2      | Found a sparkling altar of Nemelex Xobeh.
  2042 | D:2      | Found a hazy altar of Hepliaklqana.
  2042 | D:2      | Found a glowing silver altar of Zin.
  2043 | D:2      | Found a bloodstained altar of Trog.
  2339 | D:3      | Reached XP level 5. HP: 25/36 MP: 5/5
  3415 | D:4      | Reached skill level 5 in Axes
  3416 | D:4      | Reached XP level 6. HP: 7/43 MP: 6/6
  3648 | D:4      | Noticed a phantom
  3806 | D:4      | Found an ancient bone altar of Kikubaaqudgha.
  3810 | D:4      | Found a blossoming altar of Fedhas.
  3925 | D:4      | Killed a phantom
  3937 | D:4      | Lost mutation: You have a pair of small antennae on your
                  | head. [potion of mutation]
  3937 | D:4      | Gained mutation: You are dopey. (Int -2) [potion of
                  | mutation]
  3937 | D:4      | Gained mutation: You are agile. (Dex +2) [potion of
                  | mutation]
  3937 | D:4      | Lost mutation: Your spells are a little easier to cast, but
                  | a little less powerful. [potion of mutation]
  4468 | D:5      | Entered Level 5 of the Dungeon
  4591 | D:5      | Found a staircase to the Ecumenical Temple.
  4687 | Temple   | Entered the Ecumenical Temple
  4761 | Temple   | Became a worshipper of Cheibriados the Contemplative
  4831 | D:5      | Reached XP level 7. HP: 44/49 MP: 7/7
  5034 | D:5      | Noticed Menkaure
  5042 | D:5      | Reached skill level 1 in Invocations
  5043 | D:5      | Killed Menkaure
  5105 | D:6      | Reached * piety under Cheibriados
  5369 | D:6      | Reached skill level 5 in Fighting
  5497 | D:6      | Reached skill level 6 in Axes
  5497 | D:6      | Reached XP level 8. HP: 15/55 MP: 9/9
  5758 | D:6      | Slain by a sky beast

Levels and vault maps discovered:
D:1:      mainiacjoe_arrival_reflecting_pool, layout_basic, dk_noncrumbling_3
D:2:      layout_basic, gammafunk_temple_overflow_wave,
          nicolae_overflow_hidden_temple
D:3:      layout_basic, minmay_misc_feat_doors
D:4:      layout_cave_pods, grunt_temple_overflow_growth_and_decay, first_ration
D:5:      layout_basic, minmay_temple_entry_nine_rooms, uniq_menkaure
D:6:      layout_loops_ring, st_stairs_5
Temple:   dshaligram_water_room_temple

Skill      XL: |  1  2  3  4  5  6  7 |
---------------+----------------------+-----
Axes           | 3 4 5 6 |  6.0
Fighting       | 4 5 |  5.1
Invocations    | 2 |  2.4
Dodging        | 4 |  4.4
Shields        | 4 |  4.4

Action                   |  1- 3 |  4- 6 |  7- 9 || total
-------------------------+-------+-------+-------++-------
Melee: War axe           |    67 |   122 |    51 ||   240
       Constrict         |    14 |    40 |    10 ||    64
       Tentacles         |     8 |    22 |    10 ||    40
Throw: Javelin           |       |       |     3 ||     3
Evoke: Wand              |       |       |     2 ||     2
  Use: Scroll            |     7 |     3 |     3 ||    13
       Potion            |     2 |     4 |     3 ||     9
 Stab: Sleeping          |     5 |     3 |       ||     8
       Distracted        |       |     1 |       ||     1
       Invisible         |       |     2 |     5 ||     7
       Paralysed         |       |       |     1 ||     1
  Eat: Chunk             |     1 |     8 |     2 ||    11
       Ration            |       |     1 |       ||     1
Armor: Skin              |     6 |     7 |    11 ||    24
Dodge: Dodged            |    32 |    64 |    39 ||   135
Block: Shield            |    24 |    66 |    32 ||   122

Table legend:
 A = Non-vault XP
 B = Vault XP
 C = Vault XP percentage of total XP
 D = Non-vault monster count
 E = Vault monster count
 F = Vault count percentage of total count
                 A         B        C        D         E       F
            +---------+---------+-------+---------+---------+-------
      Total |    1108 |     172 |  13.4 |     125 |       1 |   0.8
            +---------+---------+-------+---------+---------+-------
        D:1 |      56 |       0 |   0.0 |      28 |       0 |   0.0
        D:2 |      76 |       0 |   0.0 |      19 |       0 |   0.0
        D:3 |      65 |       0 |   0.0 |      31 |       0 |   0.0
        D:4 |     325 |       0 |   0.0 |      17 |       0 |   0.0
        D:5 |     277 |     172 |  38.3 |      24 |       1 |   4.0
        D:6 |     309 |       0 |   0.0 |       6 |       0 |   0.0
            +---------+---------+-------+---------+---------+-------
